General information
			
			
        
        - name: BNet
 
        - type: Ladder team game (AT/RT)
 
        - host: Battle.net
 
        - saver: bLinn
 
        
map: GnollWood 
        - players: 6
 
        - length: 26:57
 
        - speed: Fast
 - version: 1.21 W3XP
 - replay type:  

 
» download(226 KB)
Players
        team 1 (winner) 
              
              
bLinn (
yellow | 126 APM | 3390 actions | 26:57)
              
 5 Archmage 
 3 Summon Water Elemental
 2 Brilliance Aura
 3 Mountain King 
 2 Storm Bolt
 1 Bash
 
                » actions 
                
                | Assign group hotkey | 101 |  | 
| Basic commands | 26 |  | 
| Build / train | 109 |  | 
| Enter build submenu | 44 |  | 
| Enter hero's abilities submenu | 8 |  | 
| Remove unit from queue | 8 |  | 
| Right click | 1593 |  | 
| Select / deselect | 534 |  | 
| Select group hotkey | 851 |  | 
| Use ability | 116 |  | 
                3390 total
 » units 
                
                | Peasant | 16 |  | 
| Footman | 3 |  | 
| Rifleman | 4 |  | 
| Priest | 4 |  | 
| Knight | 7 |  | 
| Flying Machine | 5 |  | 
                39 total
 » upgrades
                
                | Masonry | 1 |  | 
| Defend | 1 |  | 
| Priest Training | 2 |  | 
| Magic Sentry | 1 |  | 
| Long Rifles | 1 |  | 
| Gunpowder | 1 |  | 
| Plating | 3 |  | 
| Sorceress Training | 1 |  | 
| Animal War Training | 1 |  | 
| Swords | 1 |  | 
| Flak Cannons | 1 |  | 
                14 total
 » buildings
                
                | Altar of Kings | 1 |  | 
| Farm | 13 |  | 
| Lumber Mill | 1 |  | 
| Scout Tower | 20 |  | 
| Guard Tower | 12 |  | 
| Barracks | 2 |  | 
| Keep | 2 |  | 
| Arcane Vault | 1 |  | 
| Blacksmith | 1 |  | 
| Arcane Tower | 1 |  | 
| Arcane Sanctum | 1 |  | 
| Castle | 2 |  | 
| Workshop | 1 |  | 
                58 total
 » build order
                00:02 Altar of Kings
00:05 Farm
00:08 Farm
01:24 Lumber Mill
03:07 Scout Tower
03:08 Scout Tower
03:25 Farm
03:34 Guard Tower
03:35 Guard Tower
03:35 Guard Tower
04:20 Guard Tower
04:54 Barracks
04:56 Farm
05:56 Keep
06:11 Barracks
06:15 Scout Tower
06:16 Scout Tower
06:19 Scout Tower
06:26 Arcane Vault
07:03 Guard Tower
07:05 Scout Tower
07:39 Scout Tower
07:40 Scout Tower
07:41 Scout Tower
07:54 Blacksmith
07:56 Arcane Tower
08:33 Guard Tower
08:35 Guard Tower
08:48 Arcane Sanctum
08:55 Scout Tower
08:56 Scout Tower
08:57 Scout Tower
09:00 Scout Tower
09:03 Scout Tower
10:25 Guard Tower
10:28 Farm
10:28 Farm
11:47 Farm
11:47 Farm
11:48 Farm
13:58 Scout Tower
13:59 Scout Tower
13:59 Scout Tower
14:02 Scout Tower
14:02 Scout Tower
14:03 Scout Tower
14:40 Castle
14:40 Castle
15:10 Guard Tower
17:46 Farm
17:47 Farm
23:34 Workshop
24:32 Farm
24:34 Farm
» items
                
                | Boots of Speed | 1 |  | 
| Scroll of Regeneration | 3 |  | 
| Scroll of Town Portal | 4 |  | 
                8 total
  
               
              
              
iggy_the_fisk (
red | 127 APM | 3421 actions | 26:57)
              
 5 Archmage 
 3 Summon Water Elemental
 2 Brilliance Aura
 1 Mountain King 
 1 Storm Bolt
 
                » actions 
                
                | Assign group hotkey | 296 |  | 
| Basic commands | 9 |  | 
| Build / train | 103 |  | 
| Enter build submenu | 42 |  | 
| Enter hero's abilities submenu | 6 |  | 
| Give item / drop item | 1 |  | 
| Remove unit from queue | 7 |  | 
| Right click | 1864 |  | 
| Select / deselect | 494 |  | 
| Select group hotkey | 434 |  | 
| Use ability | 165 |  | 
                3421 total
 » units 
                » upgrades
                
                | Masonry | 2 |  | 
| Swords | 2 |  | 
| Armor | 1 |  | 
| Lumber Harvesting | 1 |  | 
| Storm Hammers | 1 |  | 
| Animal War Training | 1 |  | 
                8 total
 » buildings
                
                | Altar of Kings | 1 |  | 
| Farm | 10 |  | 
| Lumber Mill | 2 |  | 
| Scout Tower | 15 |  | 
| Arcane Tower | 3 |  | 
| Guard Tower | 15 |  | 
| Town Hall | 3 |  | 
| Keep | 1 |  | 
| Arcane Vault | 1 |  | 
| Blacksmith | 2 |  | 
| Castle | 4 |  | 
| Gryphon Aviary | 2 |  | 
| Barracks | 2 |  | 
                61 total
 » build order
                00:05 Altar of Kings
00:11 Farm
01:04 Farm
02:41 Lumber Mill
03:14 Scout Tower
03:29 Arcane Tower
03:30 Scout Tower
04:09 Guard Tower
04:49 Scout Tower
05:09 Guard Tower
05:50 Scout Tower
06:21 Arcane Tower
06:30 Scout Tower
07:02 Farm
07:03 Guard Tower
07:17 Town Hall
07:21 Scout Tower
07:22 Scout Tower
07:53 Scout Tower
08:01 Guard Tower
08:03 Scout Tower
08:10 Scout Tower
08:19 Guard Tower
08:20 Guard Tower
08:42 Guard Tower
08:44 Scout Tower
09:32 Guard Tower
09:32 Guard Tower
09:33 Arcane Tower
09:37 Guard Tower
10:05 Scout Tower
10:05 Scout Tower
10:20 Keep
10:36 Guard Tower
10:42 Arcane Vault
11:02 Guard Tower
11:05 Scout Tower
11:36 Guard Tower
11:37 Scout Tower
12:07 Blacksmith
12:11 Guard Tower
13:03 Castle
13:03 Castle
13:04 Castle
13:04 Castle
13:55 Gryphon Aviary
13:57 Gryphon Aviary
14:09 Barracks
14:18 Farm
14:19 Farm
15:06 Farm
15:08 Farm
15:10 Farm
18:13 Barracks
18:27 Farm
18:28 Farm
19:33 Blacksmith
19:37 Lumber Mill
22:12 Town Hall
23:18 Town Hall
» items
                
                | Scroll of Regeneration | 6 |  | 
| Boots of Speed | 1 |  | 
| Scroll of Town Portal | 6 |  | 
| Staff of Sanctuary | 1 |  | 
                14 total
  
               
              
              
tIMG4strok (
pink | 139 APM | 3740 actions | 26:57)
              
 6 Pandaren Brewmaster 
 3 Breath of Fire
 1 Drunken Brawler
 1 Drunken Haze
 1 Storm Earth and Fire
 4 Keeper of the Grove 
 2 Entangling Roots
 2 Thorns Aura
 
                » actions 
                
                | Assign group hotkey | 34 |  | 
| Basic commands | 142 |  | 
| Build / train | 79 |  | 
| ESC pressed | 1 |  | 
| Enter build submenu | 24 |  | 
| Enter hero's abilities submenu | 10 |  | 
| Give item / drop item | 3 |  | 
| Right click | 1503 |  | 
| Select / deselect | 365 |  | 
| Select group hotkey | 1479 |  | 
| Use ability | 100 |  | 
                3740 total
 » units 
                
                | Wisp | 20 |  | 
| Archer | 5 |  | 
| Huntress | 6 |  | 
| Dryad | 4 |  | 
| Chimaera | 5 |  | 
| Hippogryph | 7 |  | 
                47 total
 » upgrades
                
                | Abolish Magic | 1 |  | 
| Ultravision | 1 |  | 
| Strength of the Wild | 3 |  | 
| Well Spring | 1 |  | 
| Corrosive Breath | 1 |  | 
| Reinforced Hides | 2 |  | 
                9 total
 » buildings
                
                | Tree of Life | 2 |  | 
| Ancient of War | 5 |  | 
| Altar of Elders | 1 |  | 
| Moon Well | 7 |  | 
| Hunter's Hall | 1 |  | 
| Tree of Ages | 1 |  | 
| Ancient of Lore | 2 |  | 
| Ancient of Wonders | 1 |  | 
| Ancient of Wind | 1 |  | 
| Tree of Eternity | 1 |  | 
| Chimaera Roost | 2 |  | 
                24 total
 » build order
                00:43 Tree of Life
00:48 Ancient of War
01:13 Ancient of War
01:43 Altar of Elders
01:55 Moon Well
03:11 Hunter's Hall
03:20 Ancient of War
04:16 Moon Well
05:17 Tree of Ages
05:20 Ancient of War
06:01 Ancient of War
06:02 Moon Well
07:09 Moon Well
07:49 Ancient of Lore
07:55 Ancient of Lore
08:05 Ancient of Wonders
08:10 Moon Well
10:40 Moon Well
10:59 Ancient of Wind
12:00 Tree of Life
12:09 Tree of Eternity
15:15 Chimaera Roost
15:17 Chimaera Roost
15:23 Moon Well
» items
                
                | Scroll of Town Portal | 4 |  | 
| Boots of Speed | 1 |  | 
| Staff of Teleportation | 1 |  | 
| Staff of Preservation | 1 |  | 
| Orb of Venom | 2 |  | 
                9 total
  
               team 2 (loser) 
              
              
lucazzz (
teal | 55 APM | 1475 actions | 26:56)
              
 4 Paladin 
 2 Holy Light
 1 Divine Shield
 1 Devotion Aura
 3 Blood Mage 
 2 Flame Strike
 1 Siphon Mana
 
                » actions 
                
                | Assign group hotkey | 17 |  | 
| Basic commands | 19 |  | 
| Build / train | 62 |  | 
| ESC pressed | 2 |  | 
| Enter build submenu | 22 |  | 
| Enter hero's abilities submenu | 7 |  | 
| Right click | 722 |  | 
| Select / deselect | 298 |  | 
| Select group hotkey | 178 |  | 
| Use ability | 148 |  | 
                1475 total
 » units 
                
                | Peasant | 6 |  | 
| Footman | 15 |  | 
| Dragonhawk Rider | 9 |  | 
| Knight | 3 |  | 
                33 total
 » upgrades
                
                | Defend | 1 |  | 
| Plating | 2 |  | 
| Swords | 2 |  | 
| Animal War Training | 1 |  | 
| Armor | 2 |  | 
| Cloud | 1 |  | 
                9 total
 » buildings
                
                | Altar of Kings | 1 |  | 
| Barracks | 6 |  | 
| Farm | 11 |  | 
| Scout Tower | 1 |  | 
| Arcane Vault | 1 |  | 
| Lumber Mill | 1 |  | 
| Keep | 1 |  | 
| Blacksmith | 1 |  | 
| Gryphon Aviary | 2 |  | 
| Castle | 1 |  | 
| Town Hall | 1 |  | 
                27 total
 » build order
                00:12 Altar of Kings
00:13 Barracks
00:18 Barracks
00:26 Farm
00:27 Farm
00:30 Farm
01:25 Scout Tower
02:12 Arcane Vault
04:21 Barracks
05:16 Barracks
05:19 Barracks
05:21 Barracks
05:30 Farm
05:30 Farm
05:30 Farm
06:59 Lumber Mill
07:07 Farm
07:08 Farm
09:34 Keep
09:39 Blacksmith
12:14 Gryphon Aviary
14:02 Castle
16:25 Gryphon Aviary
16:30 Farm
16:30 Farm
16:30 Farm
23:07 Town Hall
» items
                
                | Lesser Clarity Potion | 2 |  | 
| Scroll of Town Portal | 2 |  | 
| Potion of Lesser Invulnerability | 1 |  | 
| Circlet of Nobility | 1 |  | 
| Periapt of Vitality | 1 |  | 
| Scroll of Regeneration | 1 |  | 
                8 total
  
               
              
              
TataviO (
green | 69 APM | 1862 actions | 26:50)
              
 5 Demon Hunter 
 2 Mana Burn
 3 Evasion
 3 Pandaren Brewmaster 
 2 Breath of Fire
 1 Drunken Haze
 
                » actions 
                
                | Assign group hotkey | 34 |  | 
| Basic commands | 86 |  | 
| Build / train | 88 |  | 
| ESC pressed | 1 |  | 
| Enter build submenu | 19 |  | 
| Enter hero's abilities submenu | 8 |  | 
| Remove unit from queue | 16 |  | 
| Right click | 615 |  | 
| Select / deselect | 340 |  | 
| Select group hotkey | 569 |  | 
| Use ability | 86 |  | 
                1862 total
 » units 
                
                | Wisp | 17 |  | 
| Archer | 4 |  | 
| Huntress | 5 |  | 
| Glaive Thrower | -1 |  | 
| Druid of the Talon | 3 |  | 
| Dryad | 9 |  | 
| Chimaera | 1 |  | 
| Druid of the Claw | 2 |  | 
| Hippogryph | 4 |  | 
                44 total
 » upgrades
                
                | Abolish Magic | 1 |  | 
| Corrosive Breath | 1 |  | 
| Druid of the Claw Training | 0 |  | 
| Reinforced Hides | 1 |  | 
| Strength of the Wild | 1 |  | 
                4 total
 » buildings
                
                | Altar of Elders | 1 |  | 
| Ancient of War | 1 |  | 
| Moon Well | 8 |  | 
| Hunter's Hall | 1 |  | 
| Ancient Protector | 1 |  | 
| Tree of Ages | 1 |  | 
| Ancient of Wind | 1 |  | 
| Tree of Eternity | 1 |  | 
| Ancient of Lore | 1 |  | 
| Chimaera Roost | 1 |  | 
| Tree of Life | 2 |  | 
                19 total
 » build order
                00:06 Altar of Elders
00:09 Ancient of War
00:14 Moon Well
01:59 Hunter's Hall
02:18 Moon Well
04:04 Ancient Protector
06:05 Tree of Ages
06:15 Moon Well
06:24 Moon Well
07:15 Moon Well
09:09 Ancient of Wind
10:19 Tree of Eternity
11:46 Ancient of Lore
12:45 Chimaera Roost
13:18 Moon Well
16:01 Moon Well
17:52 Tree of Life
20:33 Moon Well
24:51 Tree of Life
» items
                
                | Boots of Speed | 1 |  | 
| Scroll of Town Portal | 7 |  | 
| Scroll of Healing | 2 |  | 
| Scroll of Protection | 2 |  | 
                12 total
  
               
              
              
» 
TONIN (
purple | 105 APM | 2792 actions | 26:42)
              
 5 Archmage 
 3 Summon Water Elemental
 2 Brilliance Aura
 2 Mountain King 
 1 Storm Bolt
 1 Thunder Clap
 
                » actions 
                
                | Assign group hotkey | 48 |  | 
| Basic commands | 90 |  | 
| Build / train | 86 |  | 
| ESC pressed | 2 |  | 
| Enter build submenu | 23 |  | 
| Enter hero's abilities submenu | 7 |  | 
| Right click | 943 |  | 
| Select / deselect | 697 |  | 
| Select group hotkey | 789 |  | 
| Use ability | 107 |  | 
                2792 total
 » units 
                
                | Peasant | 15 |  | 
| Rifleman | 9 |  | 
| Footman | 2 |  | 
| Mortar Team | 13 |  | 
| Flying Machine | 10 |  | 
                49 total
 » upgrades
                
                | Flare | 1 |  | 
| Gunpowder | 3 |  | 
| Fragmentation Shards | 1 |  | 
| Armor | 1 |  | 
| Flying Machine Bombs | 1 |  | 
| Flak Cannons | 1 |  | 
                8 total
 » buildings
                
                | Altar of Kings | 1 |  | 
| Blacksmith | 1 |  | 
| Farm | 12 |  | 
| Barracks | 1 |  | 
| Scout Tower | 4 |  | 
| Arcane Tower | 3 |  | 
| Lumber Mill | 1 |  | 
| Keep | 4 |  | 
| Arcane Vault | 1 |  | 
| Workshop | 2 |  | 
| Castle | 1 |  | 
                31 total
 » build order
                00:36 Altar of Kings
00:51 Blacksmith
01:07 Farm
01:22 Barracks
01:28 Farm
02:02 Farm
02:06 Scout Tower
02:50 Scout Tower
03:07 Arcane Tower
04:45 Scout Tower
04:57 Arcane Tower
04:59 Scout Tower
05:12 Arcane Tower
06:14 Farm
06:17 Lumber Mill
06:48 Keep
06:48 Keep
06:49 Keep
06:49 Keep
07:06 Farm
07:47 Arcane Vault
09:14 Workshop
09:17 Workshop
09:58 Farm
10:55 Farm
11:55 Farm
12:04 Castle
12:27 Farm
15:31 Farm
16:38 Farm
18:21 Farm
» items
                 
                Chat log
          
(03:21 / All) lucazzz: LOL
(26:54 / All) iggy_the_fisk: bye noobs